cohdb
Replays
Latest Replays
All Replays
Popular Replays
Top Player Replays
Match Explorer
How It Works
Community
CoH3 Stats
Reddit
Sign in to upload your games and track your stats! →
Sign in with Steam
Match 45450087
Unlisted
Match 45450087
Overview
Messages
Build Orders
End
Royal Engineer Section
Selects Air and Sea Battlegroup
Construct Section Command Post
Dingo Light Scout Car
Infantry Section
Infantry Section
Construct Platoon Command Post
Humber Armored Car
Vickers Machine Gun Team
Construct Field Infirmary
Selects Commando Section Paradrop
Commando Section Paradrop
Selects Commando Support Section Paradrop
6-pounder Anti-tank Gun Team
Construct Company Command Post
Matilda II Heavy Tank
Bundy
Nico-Nico-Nii~~
0
0
Comments
sign in to comment!
No comments posted yet!